 Dungeon Crawl Stone Soup version 0.17-a0-18-gc25b939 (webtiles) character file.

140228 Chiseanne the Peltast (level 17, -21/129 HPs)
             Began as a Formicid Fighter on Mar 11, 2015.
             Was an Initiate of Gozag.
             Demolished by Mara (illusionary)
             ... wielding a +6 demon whip of freezing
              (22 damage)
             ... on level 4 of the Swamp.
             The game lasted 02:38:22 (35940 turns).

Chiseanne the Peltast (Formicid Fighter)           Turns: 35940, Time: 02:38:23

Health: -21/129    AC: 11    Str: 23    XL:     17   Next: 91%
Magic:  21/21      EV: 26    Int: 18    God:    Gozag
Gold:   1397       SH: 28    Dex: 24    Spells: 3 memorised, 4 levels left

rFire  . . .     SeeInvis +     a - +9 battleaxe "Koiwicud" {chop, Noisy +Rage +Fly rElec rPois}
rCold  + . .     Clarity  .     v - -4 ring mail "Wokh" {-Cast rCorr Str+3 Int+4 Slay+3}
rNeg   + + .     SustAb   .     h - +4 large shield {rC+}
rPois  +         Gourm    .     (helmet unavailable)
rElec  +         Spirit   .     r - +0 cloak of Zin {rN+ Dex+4 SInv}
rCorr  +         Warding  .     b - +1 pair of gloves
rMut   .         Stasis   +     i - +3 pair of boots of Miutab {rN+ Str-2 Dex+3 SInv Stlth+}
MR     ++...     NoCast   +     B - amulet of faith
Stlth  +++.......               V - ring of protection from magic
                                Z - +2 ring of dexterity

@: agile, very resistant to hostile enchantments, fairly stealthy
A: permanent stasis, dig shafts and tunnels, four strong arms, antennae 3
a: Dig, Shaft Self, Potion Petition, Call Merchant, Bribe Branch, Renounce
Religion, Evoke Flight


You were on level 4 of the Swamp.
You worshipped Gozag.
Gozag was noncommittal.
You were not hungry.

You visited 5 branches of the dungeon, and saw 32 of its levels.
You also visited: Labyrinth, Sewer, Ossuary, Bailey and Ice Cave.

You collected 11670 gold pieces.
You spent 4193 gold pieces at shops.
You paid 6080 gold pieces to Gozag.

Inventory:

Hand weapons
 a - the +9 battleaxe "Koiwicud" (weapon) {chop, Noisy +Rage +Fly rElec rPois}
   (You bought it in a shop on level 15 of the Dungeon)

   It inflicts extra damage upon your enemies.
   It insulates you from electricity.
   It protects you from poison.
   It lets you fly.
   It lets you go berserk.
   It may make noises in combat.
 s - a +5 war axe of flaming
 w - a +0 blowgun
Missiles
 u - 151 poisoned needles
 z - 12 javelins of returning (quivered)
 C - 2 curare-tipped needles
 O - 4 throwing nets
Armour
 b - a +1 pair of gloves (worn)
 h - a +4 large shield of cold resistance (worn)
 i - the +3 pair of boots of Miutab (worn) {rN+ Str-2 Dex+3 SInv Stlth+}
   (You acquired it on level 4 of the Dungeon)

   It affects your strength (-2).
   It affects your dexterity (+3).
   It protects you from negative energy.
   It enhances your eyesight.
   It makes you more stealthy.
 r - the +0 cloak of Zin (worn) {rN+ Dex+4 SInv}
   (You bought it in a shop on level 4 of the Orcish Mines)

   It affects your dexterity (+4).
   It protects you from negative energy.
   It enhances your eyesight.
 v - the -4 ring mail "Wokh" (worn) {-Cast rCorr Str+3 Int+4 Slay+3}
   (You found it on level 15 of the Dungeon)

   It affects your strength (+3).
   It affects your intelligence (+4).
   It affects your accuracy and damage with ranged weapons and melee attacks
   (+3).
   It prevents spellcasting.
   It protects you from acid and corrosion.
Jewellery
 o - an uncursed ring of flight
 B - an amulet of faith (around neck)
 V - a ring of protection from magic (right hand)
 Z - a +2 ring of dexterity (left hand)
Magical devices
 e - a wand of paralysis (0)
 k - a wand of heal wounds (1)
 E - a wand of disintegration (9)
 I - a wand of fireball (2)
 U - a wand of lightning (0)
 Y - a wand of draining (5)
Scrolls
 d - a scroll of amnesia
 f - a scroll of immolation
 g - 19 scrolls of remove curse
 j - 6 scrolls of identify
 y - 10 scrolls of fear
 A - 5 scrolls of fog
 F - 3 scrolls of enchant weapon
 K - 2 scrolls of recharging
 R - 2 scrolls of magic mapping
Potions
 m - a potion of resistance
 t - 7 potions of restore abilities
 D - 4 potions of curing
 G - 3 potions of ambrosia
 N - a potion of invisibility
 Q - a potion of flight
 S - a potion of magic
Books
 l - a book of Clouds

   Spells                             Type                      Level
   a - Mephitic Cloud                 Conjuration/Poison/Air       3
   b - Conjure Flame                  Conjuration/Fire             3
   c - Poisonous Cloud                Conjuration/Poison/Air       6
   d - Freezing Cloud                 Conjuration/Ice/Air          6
   e - Ring of Flames                 Charms/Fire                  7
 p - a Fen Folio

   Spells                             Type                      Level
   a - Corpse Rot                     Necromancy                   2
   b - Stone Arrow                    Conjuration/Earth            3
   c - Leda's Liquefaction            Hexes/Earth                  4
   d - Summon Forest                  Summoning/Translocation      5
   e - Hydra Form                     Transmutation                6
   f - Summon Hydra                   Summoning                    7
Miscellaneous
 c - a phial of floods
 n - a stone of tremors
 x - a lamp of fire
Comestibles
 q - 12 meat rations
 P - 7 bread rations


   Skills:
 * Level 10.3 Fighting
 - Level 15.8(17.4) Axes
   Level 12.7(15.9) Maces & Flails
 * Level 10.3 Armour
 - Level 10.0 Dodging
 - Level 20.5 Shields


You had 4 spell levels left.
You knew the following spells:

 Your Spells              Type           Power        Failure   Level  Hunger
a - Repel Missiles        Chrm/Air       #.....       50%         2    ###....
b - Regeneration          Chrm/Necr      #.........   87%         3    ####...
c - Ring of Flames        Chrm/Fire      #.........   100%        7    #######


Dungeon Overview and Level Annotations

Branches:
Dungeon (15/15)            Temple (1/1) D:5            Lair (8/8) D:11
  Swamp (4/5) Lair:5        Snake (0/5) Lair:5        Slime (0/6) Lair:8
    Orc (4/4) D:11            Elf (0/3) Orc:4        Vaults (0/5) D:13
 Depths (0/5) D:15

Altars:
Ashenzari
Cheibriados
Dithmenos
Elyvilon
Fedhas
Gozag
Kikubaaqudgha
Makhleb
Nemelex Xobeh
Okawaru
Qazlal
Ru
Sif Muna
Trog
Vehumet
Xom
Yredelemnul
Zin
The Shining One
Beogh
Jiyva

Shops:
D:4 [?[:   D:8 ?   D:11 [   D:13 ?   D:14 %   D:15 (   Orc:4 [*((   Vaults:1 (
Vaults:2 [   Vaults:3 (   Vaults:4 =   Depths:1 *

Annotations:
D:7 Duvessa
Swamp:4 Mara


Innate Abilities, Weirdness & Mutations

You are under a permanent stasis effect.
You can dig through walls and to a lower floor.
Your four strong arms can wield two-handed weapons with a shield.
You have a pair of large antennae on your head (SInv).


Message History

* * * LOW HITPOINT WARNING * * *
Mara freezes you.
* * * LOW HITPOINT WARNING * * *
You block the spiny frog's attack. You block Mara's attack.
Use which ability? (? or * to list) Are you sure you want to shaft yourself?
You feel quite a bit more hungry. You block Mara's attack.
Chiseanne's illusion hits you!!
* * * LOW HITPOINT WARNING * * *
x2 The spiny frog misses you.
Mara misses you. You block Mara's attack.
You begin to dig a shaft.
You continue digging a shaft.
The spiny frog barely misses you.
Mara hits you with a demon whip of freezing.
* * * LOW HITPOINT WARNING * * *
Mara freezes you.
* * * LOW HITPOINT WARNING * * *
You block Chiseanne's illusion's attack.
Mara hits you with a demon whip of freezing!!
You die...
Your body crumbles into a pile of gold.

♣.♣ ♣♣ ♣♣.≈≈.♣ ♣.♣
♣♣♣≈..≈.≈ ♣ ♣.♣
♣≈≈≈≈.≈≈.
♣.♣.§♣♣♣§≈≈.. ♣♣
♣.§....♣≈≈♣ .§
♣.♣♣♣♣..♣≈♣/.♣ ♣
♣♣♣♣♣..≈.≈.♣
♣..@F≈....♣♣
♣.≈@R......≈♣
.≈...≈..RR≈..≈.≈.≈
≈..≈......≈.♣♣♣.♣
.≈..≈..≈≈....♣
...♣♣.≈♣≈.♣≈♣♣ ♣
♣♣♣♣♣♣♣♣♣


You could see 3 Maras, a spiny frog and Chiseanne's illusion.

Vanquished Creatures
  2 thorn hunters
  Aizul (Swamp:4)
  Jorgrun (Swamp:2)
  The ghost of Econoterrorist the Brawler, a mighty VSMo of Qazlal (IceCv)
  The ghost of bart the Sharpshooter, a powerful KoHu of Okawaru (Lair:8)
  4 dire elephants (Lair:8)
  A minotaur (Lab)
  Josephine (D:10)
  A fire dragon (D:15)
  Fannar (Lair:3)
  16 hydras
  Nessos (D:12)
  2 centaur warriors (D:14)
  An anaconda (Lair:8)
  2 dancing weapons (D:13)
  A tengu warrior (D:15)
  3 alligators
  4 orc high priests (Orc:4)
  Urug (Orc:4)
  2 death yaks (Lair:8)
  Nergalle (Lair:5)
  A deep elf knight (Bailey)
  2 ice devils (IceCv)
  6 unseen horrors
  5 skeletal warriors (D:14)
  2 ice statues (IceCv)
  5 hill giants
  4 swamp dragons (Swamp:1)
  Pikel (D:5)
  An orc sorcerer (Orc:4)
  A griffon (Lair:7)
  An oklob plant (Lair:5)
  2 cyclopes
  A manticore (D:12)
  21 ugly things
  A griffon (shapeshifter) (D:13)
  A hornet (Swamp:4)
  3 centaur zombies
  Joseph (D:7)
  15 spiny frogs
  2 centaur skeletons
  The ghost of Antondotnet the Thaumaturge, an experienced DEWz of Vehumet (Bailey)
  8 elephants
  A gargoyle (D:6)
  17 black mambas
  2 fire drakes
  5 blue devils (IceCv)
  The ghost of Eptagon the Covered, an average DDFi of Makhleb (Ossuary)
  A merfolk (D:12)
  6 komodo dragons
  Sigmund (D:5)
  2 giant leeches (Swamp:2)
  A baby alligator (shapeshifter) (D:14)
  2 polar bears
  A tengu conjurer (D:15)
  Grinder (D:4)
  3 two-headed ogres
  2 deep elf priests (Bailey)
  Prince Ribbit (D:8)
  A boulder beetle (Lair:8)
  8 ravens
  3 trolls
  9 bog bodies
  13 blink frogs
  4 basilisks
  A ynoxinul (Orc:4)
  30 slime creatures
  2 shadows
  8 spriggans
  4 wyverns
  4 wraiths
  A vampire (D:13)
  43 yaks
  Eustachio (D:4)
  A chaos spawn (Orc:4)
  A hungry ghost (D:11)
  Grum (Orc:4)
  7 deep elf magi
  2 wargs
  16 vampire mosquitoes
  4 deep elf fighters (Bailey)
  9 hippogriffs
  10 insubstantial wisps
  25 swamp worms
  25 wolves
  Edmund (D:7)
  Menkaure (D:7)
  10 porcupines
  A mottled dragon (D:14)
  25 water moccasins
  6 swamp drakes
  5 wasps
  5 ice beasts
  A phantom (D:14)
  Purgy (Sewer)
  2 eyes of draining
  The ghost of xeno23 the Skirmisher, an average MiBe of Trog (D:4)
  A necrophage (D:10)
  A black bear (Lair:3)
  18 crocodiles
  4 sky beasts
  5 centaurs
  17 ogres
  24 orc warriors
  2 boring beetles
  28 giant frogs
  3 big kobolds
  3 scorpions
  12 killer bees
  4 wights (D:14)
  3 electric eels
  9 crimson imps
  3 giant frog zombies
  A goliath beetle (D:6)
  10 hounds
  44 orc priests
  A gnoll shaman (D:6)
  6 iguanas
  An iron imp (Orc:3)
  8 jellies
  10 worker ants
  4 giant frog skeletons
  48 orc wizards
  29 sheep
  A hound skeleton (D:9)
  8 mummies (Ossuary)
  3 worker ant zombies
  Robin (D:2)
  6 gnolls (D:6)
  16 adders
  18 river rats
  11 giant mites
  20 white imps
  A worm (D:1)
  6 shadow imps
  10 ufetubi
  An adder zombie (D:5)
  4 oozes
  6 giant geckos
  188 orcs
  7 bats
  3 bat zombies
  7 giant cockroaches
  37 goblins
  19 hobgoblins
  15 jackals
  31 kobolds
  10 quokkas
  3 ball pythons
  5 giant newts
  2 giant spores
  A gnoll zombie (Ossuary)
  2 goblin zombies (D:5)
  3 hobgoblin zombies (Ossuary)
  3 kobold zombies (Ossuary)
  An orc zombie (Ossuary)
  A quokka skeleton (D:6)
  12 rats
  7 ballistomycetes
  12 fungi
  12 plants
1264 creatures vanquished.

Vanquished Creatures (collateral kills)
  A dire elephant (Lair:8)
  Snorg (Lair:7)
  Harold (Lair:3)
  A death yak (Lair:8)
  A basilisk (Lair:7)
  A warg (D:11)
  An orc warrior (D:11)
7 creatures vanquished.

Vanquished Creatures (others)
  A spriggan druid (Swamp:4)
  A water elemental (D:14)
  2 slaves (D:5)
  An earth elemental (D:14)
  A crimson imp (D:14)
  2 orc wizards (Orc:3)
  2 white imps (IceCv)
  An ufetubus (IceCv)
  An orc (D:11)
  A bat (D:7)
  A giant cockroach (D:5)
  2 jackals
  2 giant spores
  4 fungi
  4 plants
26 creatures vanquished.

Grand Total: 1297 creatures vanquished

Notes
Turn   | Place    | Note
--------------------------------------------------------------
     0 | D:1      | Chiseanne, the Formicid Fighter, began the quest for the Orb.
     0 | D:1      | Reached XP level 1. HP: 18/18 MP: 1/1
    16 | D:1      | Reached XP level 2. HP: 17/24 MP: 3/3
   124 | D:1      | Reached skill level 4 in Shields
   346 | D:1      | Reached XP level 3. HP: 27/30 MP: 4/4
   809 | D:2      | Found a deep blue altar of Sif Muna.
   809 | D:2      | Found a white marble altar of Elyvilon.
   809 | D:2      | Noticed Robin
   833 | D:2      | Killed Robin
   833 | D:2      | Reached XP level 4. HP: 2/37 MP: 5/5
  1205 | D:2      | Found a glowing golden altar of the Shining One.
  1909 | D:2      | Found an opulent altar of Gozag.
  1939 | D:2      | Became a worshipper of Gozag Ym Sagoz the Greedy
  2291 | D:3      | Reached XP level 5. HP: 42/42 MP: 7/7
  2395 | D:3      | Reached skill level 5 in Shields
  2871 | D:3      | Noticed a giant frog
  2885 | D:3      | Killed a giant frog
  2885 | D:3      | Reached XP level 6. HP: 25/49 MP: 8/8
  3040 | D:3      | Noticed an ogre
  3046 | D:3      | Killed an ogre
  3307 | D:4      | Found Roawkat's Armour Boutique.
  3314 | D:4      | Found Smoar's Magic Scroll Shoppe.
  3320 | D:4      | Bought a +2 scale mail of poison resistance for 180 gold pieces
  3344 | D:4      | Bought a scroll of magic mapping for 42 gold pieces
  3380 | D:4      | Reached XP level 7. HP: 39/55 MP: 9/9
  3402 | D:4      | Bought a scroll of fog for 24 gold pieces
  3470 | D:4      | Found Vealeung's Antique Armour Shoppe.
  3520 | D:4      | Noticed xeno23's ghost (average MiBe)
  3533 | D:4      | Reached skill level 6 in Shields
  3562 | D:4      | Killed xeno23's ghost
  3855 | D:4      | Noticed Grinder
  3907 | D:4      | Reached skill level 5 in Fighting
  4107 | D:4      | Found a shattered altar of Ashenzari.
  4117 | D:4      | Found a bloodstained altar of Trog.
  4172 | D:4      | Killed Grinder
  4172 | D:4      | Reached skill level 5 in Armour
  4172 | D:4      | Reached skill level 7 in Shields
  4172 | D:4      | Reached XP level 8. HP: 23/62 MP: 11/11
  4385 | D:4      | Found Naibarys' Book Shop.
  4424 | D:4      | Noticed Eustachio
  4444 | D:4      | Killed Eustachio
  4444 | D:4      | Reached skill level 5 in Axes
  4606 | D:4      | Bought a scroll of fear for 42 gold pieces
  4606 | D:4      | Bought 3 scrolls of identify for 72 gold pieces
  4606 | D:4      | Bought a scroll of identify for 24 gold pieces
  4606 | D:4      | Bought a scroll of remove curse for 36 gold pieces
  4938 | D:5      | Entered Level 5 of the Dungeon
  5214 | D:5      | Found a glowing drain.
  5253 | Sewer    | Entered a sewer
  5310 | Sewer    | Noticed Purgy
  5321 | Sewer    | Killed Purgy
  5321 | Sewer    | Reached XP level 9. HP: 60/69 MP: 12/12
  5386 | D:5      | Noticed Pikel
  5394 | D:5      | Noticed Sigmund
  5425 | D:5      | Found a staircase to the Ecumenical Temple.
  5426 | D:5      | Found a sand-covered staircase.
  5440 | Ossuary  | Entered an ossuary
  5471 | Ossuary  | Noticed Eptagon's ghost (average DDFi)
  5499 | Ossuary  | Reached skill level 8 in Shields
  5507 | Ossuary  | Killed Eptagon's ghost
  5809 | Ossuary  | Reached skill level 15 in Shields
  5809 | Ossuary  | Reached XP level 10. HP: 77/77 MP: 13/13
  5913 | D:5      | Killed Pikel
  6323 | Temple   | Entered the Ecumenical Temple
  6612 | D:5      | Killed Sigmund
  6774 | D:4      | Bought a scroll of remove curse for 36 gold pieces
  6774 | D:4      | Bought a scroll of remove curse for 36 gold pieces
  6779 | D:4      | Bought a +1 shield of fire resistance for 165 gold pieces
  6827 | D:4      | Bought a pair of runed boots for 85 gold pieces
  7619 | D:7      | Noticed Joseph
  7644 | D:7      | Killed Joseph
  7644 | D:7      | Reached skill level 1 in Dodging
  7834 | D:7      | Reached XP level 11. HP: 66/84 MP: 15/15
  8051 | D:7      | Found a bloodstained altar of Trog.
  8075 | D:7      | Noticed Menkaure
  8077 | D:7      | Noticed Edmund
  8085 | D:7      | Killed Menkaure
  8090 | D:7      | Killed Edmund
  8178 | D:7      | Noticed Duvessa
  8660 | D:8      | Found Rok Fopu's Magic Scroll Emporium.
  8674 | D:8      | Bought a scroll of silence for 105 gold pieces
  8674 | D:8      | Bought a scroll of recharging for 133 gold pieces
  8674 | D:8      | Bought a scroll of enchant weapon for 105 gold pieces
  8674 | D:8      | Bought a scroll of identify for 28 gold pieces
  8674 | D:8      | Bought a scroll of fog for 28 gold pieces
  8674 | D:8      | Bought a scroll of identify for 28 gold pieces
  8674 | D:8      | Bought a scroll of enchant armour for 105 gold pieces
  8674 | D:8      | Bought a scroll of identify for 28 gold pieces
  8674 | D:8      | Bought a scroll of noise for 14 gold pieces
  8872 | D:8      | Found a flagged portal.
  8897 | Bailey   | Entered a bailey
  8917 | Bailey   | Noticed Antondotnet's ghost (experienced DEWz)
  8931 | Bailey   | Killed Antondotnet's ghost
  9044 | Bailey   | Noticed a deep elf knight
  9066 | Bailey   | Killed a deep elf knight
  9220 | Bailey   | Identified a scroll of acquirement
  9376 | D:8      | Found a glowing golden altar of the Shining One.
  9489 | D:8      | You fall through a shaft!
  9650 | D:8      | Noticed Prince Ribbit
  9694 | D:8      | Killed Prince Ribbit
 10164 | D:9      | Found a blossoming altar of Fedhas.
 10209 | D:9      | Found a sacrificial altar of Ru.
 10596 | D:6      | Noticed a gargoyle
 10605 | D:6      | Killed a gargoyle
 10681 | D:4      | Bought a scroll of acquirement for 624 gold pieces
 10685 | D:4      | Got a pair of heavily runed boots
 10696 | D:4      | Identified the +3 pair of boots of Miutab {rN+ Str-2 Dex+3 SInv Stlth+} (You acquired it on level 4 of the Dungeon)
 10961 | D:10     | Entered Level 10 of the Dungeon
 11059 | D:10     | Reached XP level 12. HP: 59/94 MP: 16/16
 11371 | D:10     | Noticed an unseen horror
 11375 | D:10     | Killed an unseen horror
 11386 | D:10     | Noticed a hill giant
 11399 | D:10     | Killed a hill giant
 11479 | D:10     | Noticed an unseen horror
 11495 | D:10     | Killed an unseen horror
 11532 | D:10     | Noticed Josephine
 11545 | D:10     | Reached skill level 10 in Axes
 11547 | D:10     | Killed Josephine
 12037 | D:11     | Reached skill level 5 in Dodging
 12215 | D:11     | Found a staircase to the Lair.
 12409 | D:11     | Found a staircase to the Orcish Mines.
 12440 | D:11     | Reached skill level 10 in Fighting
 12690 | D:11     | Got a ripped robe
 12713 | D:11     | Identified the +2 robe "Akou" {+Fly rPois Regen+ Str+3} (You acquired it on level 11 of the Dungeon)
 13137 | D:11     | Found Khangiji's Armour Emporium.
 13373 | D:11     | Reached XP level 13. HP: 103/103 MP: 17/17
 13714 | Lair:1   | Entered Level 1 of the Lair of Beasts
 15199 | Orc:1    | Entered Level 1 of the Orcish Mines
 15382 | Orc:1    | Found a roughly hewn altar of Beogh.
 17155 | Orc:3    | Found a bloodstained altar of Trog.
 17322 | Orc:3    | Learned a level 2 spell: Repel Missiles
 17381 | Orc:4    | Entered Level 4 of the Orcish Mines
 17381 | Orc:4    | Noticed Urug
 17405 | Orc:4    | Killed Urug
 17735 | Orc:4    | Noticed Grum
 17742 | Orc:4    | Killed Grum
 17870 | Orc:4    | Found a staircase to the Elven Halls.
 18417 | Orc:4    | Found Twatzecryp's Antique Weapon Shoppe.
 18417 | Orc:4    | Found Mofur's Armour Emporium.
 18417 | Orc:4    | Found Blag's Weapon Shoppe.
 18420 | Orc:4    | Found Coecs' General Store.
 18425 | Orc:4    | Bought the +0 cloak of Zin {rN+ Dex+4 SInv} for 367 gold pieces
 18486 | Orc:4    | Bought a +2 large shield of cold resistance for 279 gold pieces
 18567 | Orc:4    | Bought a potion of heal wounds for 60 gold pieces
 18567 | Orc:4    | Bought a scroll of remove curse for 36 gold pieces
 18567 | Orc:4    | Bought a bread ration for 60 gold pieces
 18567 | Orc:4    | Bought a meat ration for 60 gold pieces
 18567 | Orc:4    | Bought a beef jerky for 18 gold pieces
 18929 | Orc:4    | Reached skill level 10 in Dodging
 19406 | Lair:2   | Reached skill level 10 in Armour
 19533 | Lair:2   | Reached XP level 14. HP: 104/110 MP: 18/18
 19725 | Lair:2   | Found a frozen archway.
 19740 | IceCv    | Entered an ice cave
 19792 | IceCv    | Reached skill level 16 in Shields
 20113 | IceCv    | Noticed Econoterrorist's ghost (mighty VSMo)
 20147 | IceCv    | Killed Econoterrorist's ghost
 20853 | Lair:3   | Noticed Fannar
 20877 | Lair:3   | Killed Fannar
 21265 | Lair:3   | Noticed Harold
 21278 | Lair:3   | Killed Harold
 21834 | Lair:4   | Reached skill level 17 in Shields
 22557 | Lair:5   | Found a staircase to the Snake Pit.
 22767 | Lair:5   | Found a staircase to the Swamp.
 22994 | Lair:5   | Reached XP level 15. HP: 115/115 MP: 19/19
 23322 | Lair:5   | Noticed Nergalle
 23330 | Lair:5   | Killed Nergalle
 23762 | Lair:5   | Learned a level 7 spell: Ring of Flames
 23810 | Lair:6   | Reached skill level 18 in Shields
 24231 | Lair:6   | Got a smelly ring mail
 24242 | Lair:6   | Identified the cursed -4 ring mail of Klant {rPois rF+ rC- rN+} (You found it on level 6 of the Lair of Beasts)
 24797 | Lair:7   | Noticed Snorg
 24812 | Lair:7   | Killed Snorg
 25291 | Lair:7   | Got a fine scale mail
 25302 | Lair:7   | Identified the -7 scale mail "Omuosag" {rN+ Int+3 Stlth+} (You found it on level 7 of the Lair of Beasts)
 25520 | Lair:8   | Entered Level 8 of the Lair of Beasts
 25520 | Lair:8   | Noticed bart's ghost (powerful KoHu)
 25563 | Lair:8   | Killed bart's ghost
 25718 | Lair:8   | Found a runed door.
 25721 | Lair:8   | Found a viscous altar of Jiyva.
 25722 | Lair:8   | Found a staircase to the Slime Pits.
 26243 | Lair:8   | Reached skill level 19 in Shields
 26628 | Lair:8   | Reached skill level 1 in Maces & Flails
 26657 | Lair:8   | Reached XP level 16. HP: 93/122 MP: 20/20
 26675 | Lair:8   | Got a fine shield
 26688 | Lair:8   | Identified the -2 shield of Amorality {Stlth+} (You found it on level 8 of the Lair of Beasts)
 26792 | Lair:8   | Reached skill level 5 in Maces & Flails
 27290 | D:12     | Found Dynos' Food Boutique.
 27295 | D:12     | Bought a meat ration for 65 gold pieces
 27295 | D:12     | Bought a bread ration for 65 gold pieces
 27295 | D:12     | Bought a meat ration for 65 gold pieces
 27295 | D:12     | Bought a meat ration for 65 gold pieces
 27295 | D:12     | Bought a bread ration for 65 gold pieces
 27295 | D:12     | Bought a meat ration for 65 gold pieces
 27326 | D:12     | Noticed Nessos
 27338 | D:12     | Killed Nessos
 28268 | D:13     | Found Klad's Magic Scroll Emporium.
 28318 | D:13     | Bought a scroll of identify for 26 gold pieces
 28318 | D:13     | Bought a scroll of remove curse for 39 gold pieces
 28318 | D:13     | Bought a scroll of magic mapping for 45 gold pieces
 28318 | D:13     | Bought a scroll of identify for 26 gold pieces
 28318 | D:13     | Bought a scroll of enchant weapon for 97 gold pieces
 28318 | D:13     | Bought a scroll of fear for 45 gold pieces
 28318 | D:13     | Bought a scroll of fear for 45 gold pieces
 28318 | D:13     | Bought 3 scrolls of amnesia for 136 gold pieces
 28635 | D:13     | Learned a level 3 spell: Regeneration
 28878 | D:13     | Found a gate to the Vaults.
 28887 | D:13     | Reached skill level 10 in Maces & Flails
 29109 | D:14     | Found Ugenes' Food Boutique.
 29144 | D:14     | Bought a slice of pizza for 19 gold pieces
 29144 | D:14     | Bought a slice of pizza for 19 gold pieces
 29144 | D:14     | Bought a slice of pizza for 19 gold pieces
 29144 | D:14     | Bought a beef jerky for 19 gold pieces
 29144 | D:14     | Bought a royal jelly for 26 gold pieces
 29144 | D:14     | Bought a slice of pizza for 19 gold pieces
 29266 | D:14     | Found a labyrinth entrance.
 29280 | Lab      | Entered a labyrinth
 29729 | Lab      | Got a smoking demon blade
 29754 | Lab      | Identified the +5 demon blade of the Shining Light {freeze, rF+ Int+3 Dex-5 SInv} (You found it in a labyrinth)
 29798 | D:14     | Found an opulent altar of Gozag.
 30730 | D:15     | Entered Level 15 of the Dungeon
 30783 | D:15     | Found a staircase to the Depths.
 31153 | D:15     | Found Thup's Antique Weapon Shoppe.
 31156 | D:15     | Bought a shimmering battleaxe for 299 gold pieces
 31156 | D:15     | Bought a runed broad axe for 104 gold pieces
 31162 | D:15     | Identified the +9 battleaxe "Koiwicud" {chop, Noisy +Rage +Fly rElec rPois} (You bought it in a shop on level 15 of the Dungeon)
 31571 | D:15     | Got a twisted ring mail
 31582 | D:15     | Identified the cursed -4 ring mail "Wokh" {-Cast rCorr Str+3 Int+4 Slay+3} (You found it on level 15 of the Dungeon)
 32379 | Swamp:1  | Entered Level 1 of the Swamp
 32401 | Swamp:1  | Reached XP level 17. HP: 108/128 MP: 21/21
 33609 | Swamp:2  | Noticed Jorgrun
 33629 | Swamp:2  | Killed Jorgrun
 33629 | Swamp:2  | Reached skill level 20 in Shields
 33911 | Swamp:2  | Reached skill level 15 in Axes
 34937 | Swamp:3  | You fall through a shaft!
 35349 | Swamp:4  | Noticed Aizul
 35364 | Swamp:4  | Killed Aizul
 35910 | Swamp:4  | Noticed Mara
 35927 | Swamp:4  | Noticed Chiseanne's illusion
 35940 | Swamp:4  | HP: 2/129 [Mara (illusionary)/demon whip of freezing (6)]
 35940 | Swamp:4  | Demolished by Mara (illusionary)

Action                   |  1- 3 |  4- 6 |  7- 9 | 10-12 | 13-15 | 16-18 || total
-------------------------+-------+-------+-------+-------+-------+-------++-------
Melee: War axe           |   112 |   164 |   214 |   889 |  1506 |    26 ||  2911
       Flail             |       |       |    19 |     3 |    12 |       ||    34
       Glaive            |       |       |       |     8 |       |       ||     8
       Battleaxe         |       |       |       |       |   102 |   842 ||   944
 Fire: Blowgun           |       |       |     3 |     6 |     1 |       ||    10
Throw: Tomahawk          |       |       |       |     1 |     1 |       ||     2
       Javelin           |       |       |       |       |       |     5 ||     5
 Cast: Repel Missiles    |       |       |       |       |     2 |       ||     2
Invok: Potion Petition   |       |       |       |       |     1 |       ||     1
       Call Merchant     |       |       |       |       |     8 |     1 ||     9
 Abil: Dig               |       |     7 |     8 |    21 |    63 |    42 ||   141
       Shaft Self        |       |       |       |       |       |     1 ||     1
Evoke: Wand              |       |       |       |     6 |     6 |    13 ||    25
       Phial of floods   |       |       |       |     1 |     3 |     1 ||     5
       Lamp of fire      |       |       |       |       |     1 |     1 ||     2
       Stone of tremors  |       |       |       |       |       |     1 ||     1
  Use: Scroll            |     2 |     7 |     6 |    26 |    12 |    10 ||    63
       Potion            |     1 |       |     6 |     3 |     5 |     5 ||    20
 Stab: Distracted        |       |       |     1 |     2 |    13 |     3 ||    19
       Paralysed         |       |       |       |     1 |       |       ||     1
       Confused          |       |       |       |     2 |       |       ||     2
       Sleeping          |       |       |       |       |    15 |     7 ||    22
       Invisible         |       |       |       |       |     2 |       ||     2
  Eat: Chunk             |       |     3 |       |       |       |       ||     3
       Royal jelly       |       |     1 |       |       |       |     1 ||     2
       Bread ration      |       |     1 |     2 |     6 |     5 |     3 ||    17
       Beef jerky        |       |       |     1 |     1 |     5 |     2 ||     9
       Pizza             |       |       |       |     1 |       |     6 ||     7
       Meat ration       |       |       |       |       |     5 |       ||     5
       Fruit             |       |       |       |       |     3 |     7 ||    10
